 Dungeon Crawl Stone Soup version 0.24.0-123-gd5b16e6ec5 (webtiles) character file.

Game seed: 10397124084332861857, levelgen mode: deterministic

182 Legadrian the Ruffian (level 5, -9/42 HPs)
             Began as a Human Fighter on Feb 9, 2020.
             Killed by divine providence
             ... invoked by an orc priest
              (16 damage)
             ... on level 3 of the Dungeon.
             The game lasted 00:16:23 (2965 turns).

Legadrian the Ruffian (Human Fighter)               Turns: 2965, Time: 00:16:23

Health: -9/42      AC:  7    Str: 18    XL:     5   Next: 93%
Magic:  5/5        EV:  9    Int:  8    God:
Gold:   135        SH:  0    Dex: 12    Spells: 4/4 levels left

rFire    . . .     SeeInvis .     - Unarmed
rCold    . . .     Gourm    .   (no shield)
rNeg     + . .     Faith    .   a - +0 scale mail
rPois    .         Spirit   .   p - +0 helmet
rElec    .         Reflect  .   (no cloak)
rCorr    .         Harm     +   (no gloves)
MR       .....                  (no boots)
Stlth    ..........             x - amulet of harm
HPRegen  0.14/turn              u - ring of positive energy
MPRegen  0.09/turn              (no ring)

@: no status effects
A: no striking features
a: no special abilities


You were on level 3 of the Dungeon.
You were not hungry.

You visited 1 branch of the dungeon, and saw 3 of its levels.

You collected 135 gold pieces.

Inventory:

Hand Weapons
 k - a +1 hand axe of pain
 s - a +2 dagger of venom
 w - a +1 hand axe of flaming
Missiles
 g - 8 boomerangs
 h - 35 arrows
 i - 160 stones (quivered)
Armour
 a - a +0 scale mail (worn)
 b - a +0 shield
 p - a +0 helmet (worn)
Jewellery
 u - a ring of positive energy (left hand)
 x - an amulet of harm (around neck)
Scrolls
 f - a scroll of remove curse
 m - 2 scrolls of identify
 q - 4 scrolls of teleportation {unknown}
 r - a scroll of fear {unknown}
 y - a scroll of fog
Potions
 c - a potion of might
 e - 3 potions of heal wounds
 j - a potion of haste {unknown}
 l - 2 potions of degeneration {unknown}
 n - a potion of berserk rage {unknown}
 o - a potion of curing {unknown}
 t - a potion of resistance {unknown}
Comestibles
 d - 8 rations
 v - 4 chunks of flesh


   Skills:
 * Level 3.9 Fighting
 - Level 3.0 Armour
 - Level 0.5 Dodging
 - Level 3.0 Shields
 + Level 5.0 Unarmed Combat


You had 4 spell levels left.
You didn't know any spells.
Your spell library was empty.

Dungeon Overview and Level Annotations

Branches:
Dungeon (3/15)

Altars:
Cheibriados
Gozag
Trog


Message History

Found a ration.
Found 16 gold pieces.
A rat and a phantom come into view.
The phantom moves out of view.
The rat moves out of view.
Found a bloodstained altar of Trog.
You see here 16 gold pieces.
The phantom hits you.
The phantom blinks!
The rat bites you. The rat closely misses you.
The rat bites you but does no damage.
The orc priest mumbles some strange prayers to Beogh against you.
Pain shoots through your body!
* * * LOW HITPOINT WARNING * * *
The rat twitches its whiskers.
The rat bites you but does no damage.
The orc priest miscasts a cantrip.
The rat closely misses you.
The orc priest invokes the aid of Beogh against you.
Beogh smites you!
You die...

### #$#### ..
.# # ....###
.##.## ####
#...##.#.^.##
.....
#@....._..
##### ##
##..##... #
.... ..# #r.#
#.##.# ####
#.#
#..###....#
#.# #.oW..r#
#.# ##%.....#
#.#.###.##..#
####.#.#
#...$##
#......#
#.####


You could see a phantom, an orc priest and a rat.

Vanquished Creatures
  A hound (D:2)
  An iguana (D:3)
  3 adders (D:2)
  An ooze (D:2)
  2 worms (D:2)
  3 dart slugs
  A leopard gecko (D:3)
  5 orcs (D:3)
  3 giant cockroaches
  8 goblins
  11 hobgoblins
  11 jackals
  9 kobolds
  A quokka (D:2)
  5 bats
  5 frilled lizards
  6 rats
76 creatures vanquished.

Notes
Turn   | Place    | Note
-------+----------+-------------------------------------------
     0 | D:1      | Legadrian the Human Fighter began the quest for the Orb.
     0 | D:1      | Reached XP level 1. HP: 18/18 MP: 1/1
   258 | D:1      | Reached XP level 2. HP: 24/24 MP: 2/2
   546 | D:1      | Reached XP level 3. HP: 29/29 MP: 3/3
   996 | D:2      | Reached skill level 3 in Unarmed Combat
  1154 | D:2      | Reached XP level 4. HP: 23/36 MP: 4/4
  1484 | D:2      | Found an opulent altar of Gozag.
  1590 | D:2      | Found a faded altar of an unknown god.
  1866 | D:2      | Reached skill level 4 in Unarmed Combat
  1927 | D:2      | Reached XP level 5. HP: 26/42 MP: 5/5
  2238 | D:2      | Found a snail-covered altar of Cheibriados.
  2941 | D:3      | Reached skill level 5 in Unarmed Combat
  2954 | D:3      | Found a bloodstained altar of Trog.
  2954 | D:3      | Noticed a phantom
  2965 | D:3      | Killed from afar by an orc priest

Levels and vault maps discovered:
D:1:      evilmike_arrival_fibonacci_small, layout_basic, minmay_misc_feat_chi,
          minmay_tetromino_o2
D:2:      minmay_recursive_quarters, layout_basic, kennysheep_slug_shrine,
          chequers_ecumenical_altar_simple_redux, supply_closet_lemuel,
          nicolae_gozag_seed_capital
D:3:      layout_loops_ring, makhleb_altar_promises_db,
          nicolae_overflow_crystal_walls, first_ration

Skill      XL: |  1  2  3  4  5 |
---------------+----------------+-----
Unarmed Combat | 3 4 5 |  5.0
Fighting       | |  3.9
Armour         | |  3.0
Dodging        | |  0.5
Shields        | |  3.0

Action                   |  1- 3 |  4- 6 || total
-------------------------+-------+-------++-------
Melee: Unarmed           |   190 |   218 ||   408
       Punch             |       |     2 ||     2
  Use: Scroll            |     2 |     1 ||     3
  Eat: Chunk             |     1 |     6 ||     7
Armor: Scale mail        |    84 |    92 ||   176
Dodge: Dodged            |    47 |    74 ||   121
Block: Shield            |    87 |    57 ||   144
